 Dungeon Crawl Stone Soup version 0.17-a0-1851-gf12a9eb (webtiles) character file.

477 Geeful the Insei (level 7, -4/50 HPs)
             Began as a Human Wanderer on Sept 19, 2015.
             Slain by a gnoll
             ... wielding a +0 halberd
              (15 damage)
             ... on level 4 of the Dungeon.
             The game lasted 00:22:06 (6110 turns).

Geeful the Insei (Human Wanderer)                   Turns: 6110, Time: 00:22:07

Health: -4/50      AC:  6    Str: 14    XL:     7   Next: 33%
Magic:  7/7        EV: 10    Int: 11    God:
Gold:   150        SH:  0    Dex: 14    Spells: 0 memorised, 6 levels left

rFire  . . .     SeeInvis .       - Unarmed
rCold  . . .     Clarity  .     c - +0 ring mail
rNeg   . . .     SustAt   .     (no shield)
rPois  .         Gourm    .     i - +0 helmet
rElec  .         Spirit   .     (no cloak)
rCorr  .         Warding  .     (no gloves)
rMut   .         Stasis   .     (no boots)
MR     .....                    o - amulet of rage
Stlth  ..........               (no ring)
                                (no ring)

@: confused, not resistant to hostile enchantments, extremely unstealthy
A: no striking features
a: Evoke Berserk Rage


You were on level 4 of the Dungeon.
You were hungry.

You visited 1 branch of the dungeon, and saw 4 of its levels.

You collected 150 gold pieces.

Inventory:

Missiles
 l - 10 poisoned needles
Armour
 c - a +0 ring mail (worn)
 i - a +0 helmet (worn)
Jewellery
 o - an amulet of rage (around neck)
Magical devices
 a - a wand of enslavement (15)
 b - a wand of random effects (28)
Scrolls
 g - 2 scrolls of teleportation
 p - a scroll of enchant weapon
 q - a scroll of fog {unknown}
 s - a scroll of blinking {unknown}
Potions
 d - a potion of resistance {unknown}
 f - a potion of flight {unknown}
 h - 2 potions of curing {unknown}
 j - 2 potions of ambrosia
 k - 4 potions of agility {unknown}
 r - a potion of heal wounds {unknown}
Comestibles
 e - 3 bread rations
 m - 2 meat rations
 n - a slice of pizza


   Skills:
 - Level 2.0 Fighting
 - Level 3.0 Armour
 - Level 1.0 Dodging
 - Level 2.0 Stealth
 + Level 7.2 Unarmed Combat
 - Level 1.0 Evocations


You had 6 spell levels left.
You didn't know any spells.

Dungeon Overview and Level Annotations

Branches:
Dungeon (4/15)
 Temple: D:4-7

Altars:
Vehumet
Xom
Yredelemnul


Message History

You closely miss the gnoll.
The gnoll is lightly wounded.
The gnoll hits you with a club. The gnoll closely misses you.
You punch the gnoll!
The gnoll is severely wounded.
The gnoll hits you with a club.
You hit the gnoll.
The gnoll is almost dead.
The gnoll hits you from afar with a halberd.
The gnoll hits you with a club.
* * * LOW HITPOINT WARNING * * *
You barely miss the gnoll.
The gnoll is almost dead.
The gnoll hits you from afar with a halberd!
* * * LOW HITPOINT WARNING * * *
Drink which item? (? for menu, Esc to quit)
You are confused.
You feel invigorated. The gnoll closely misses you.
The gnoll hits you from afar with a halberd!
You die...

....,,* *,,,,,,,,,**,*,* ....,,*
******,,,,,,,,,* ....,,* ########
*,,,,****,* ....,,* #(.....#
*O#*,,,,,,*
,..a,,*##..)...########.##.****,*
,...,,,........+....[.....,,,,,,,
,,,,,,*##.)....#.###.....,,****,*
*****,,............#....###****,*
*****,,....##...@..#......,,,,,,*
*,,,,,,...,*#...g..#..†.#********
*,,,,,,.,,,,#....g.#....#
***********,######g#....#### ***
**≈≈***,* #.#.g.(...#
,8***≈≈≈≈≈*,* #..###.##.#
,,**,,,≈≈,,,* ##.# *.#*,#
,,+,,,,,,,,,* #.# *.#*,*
,,**≈≈,,,,,** #.##*.#*,*


You could see 3 gnolls.

Vanquished Creatures
  A phantom (D:3)
  An iguana (D:3)
  A centaur skeleton (D:4)
  An orc wizard (D:2)
  Terence (D:2)
  Natasha (thrice) (D:3)
  Robin (D:2)
  9 gnolls
  4 adders
  2 worms
  A giant gecko (D:1)
  4 orcs
  6 bats
  6 giant cockroaches
  12 hobgoblins
  7 jackals
  2 quokkas
  5 ball pythons
  A giant gecko skeleton (D:4)
  3 giant newts
  20 goblins
  7 kobolds
  26 rats
124 creatures vanquished.

Vanquished Creatures (others)
  A giant cockroach (D:2)
  A hobgoblin (D:2)
  2 plants (D:2)
4 creatures vanquished.

Grand Total: 128 creatures vanquished

Notes
Turn   | Place    | Note
--------------------------------------------------------------
     0 | D:1      | Geeful the Human Wanderer began the quest for the Orb.
     0 | D:1      | Geeful set off with: 2 scrolls of fear, a potion of lignification, a +0 ring mail, a +0 dagger, a bread ration
     0 | D:1      | Reached XP level 1. HP: 16/16 MP: 1/1
   142 | D:1      | Reached XP level 2. HP: 22/22 MP: 2/2
   439 | D:1      | You fall through a shaft!
   439 | D:2      | Found a radiant altar of Vehumet.
   506 | D:2      | Noticed Terence
   624 | D:3      | Found a basalt altar of Yredelemnul.
   721 | D:3      | Noticed a phantom
   865 | D:3      | Reached XP level 3. HP: 24/27 MP: 3/3
   870 | D:3      | Found a shimmering altar of Xom.
  1568 | D:2      | Reached XP level 4. HP: 12/33 MP: 4/4
  2136 | D:2      | Killed Terence
  2136 | D:2      | Reached skill level 4 in Unarmed Combat
  2404 | D:2      | Reached XP level 5. HP: 27/38 MP: 5/5
  3449 | D:2      | Reached skill level 5 in Unarmed Combat
  3601 | D:2      | Noticed Robin
  3716 | D:2      | Killed Robin
  3773 | D:2      | Reached XP level 6. HP: 30/44 MP: 6/6
  4418 | D:3      | Noticed Natasha
  4428 | D:3      | Killed Natasha
  4950 | D:3      | Noticed Natasha
  4954 | D:3      | Killed Natasha
  4954 | D:3      | Reached skill level 6 in Unarmed Combat
  5144 | D:3      | Killed a phantom
  5385 | D:3      | Noticed Natasha
  5405 | D:3      | Killed Natasha
  5422 | D:3      | Reached XP level 7. HP: 47/50 MP: 7/7
  5783 | D:3      | Reached skill level 7 in Unarmed Combat
  6110 | D:4      | Slain by a gnoll

Vault maps used:
D:1:      dpeg_arrival_rooms_c
D:2:      fiery_altar_vehumet, serial_bayou_lagoon_a, uniq_terence, uniq_robin
D:3:      tgw_xom, overflow_temple_1_default, minmay_rat_hole, uniq_natasha
D:4:      minmay_temple_entry_fiery

Action                   |  1- 3 |  4- 6 |  7- 9 || total
-------------------------+-------+-------+-------++-------
Melee: Unarmed           |   187 |   299 |    71 ||   557
 Abil: Evoke Berserk Rag |       |     5 |       ||     5
  Use: Scroll            |     1 |     5 |     3 ||     9
       Potion            |       |     1 |     1 ||     2
 Stab: Distracted        |     1 |       |       ||     1
       Sleeping          |     1 |     3 |       ||     4
  Eat: Chunk             |     2 |    15 |     3 ||    20
